 Dungeon Crawl Stone Soup version 0.21.0-3-g78d12a8 (webtiles) character file.

174 AdmiralAndromeda the Chopper (level 5, -8/46 HPs)
             Began as a Hill Orc Fighter on Jan 14, 2018.
             Killed from afar by pstr's ghost (14 damage)
             ... with a stone arrow
             ... on level 4 of the Dungeon.
             The game lasted 00:05:35 (2541 turns).

AdmiralAndromeda the Chopper (Hill Orc Fighter)     Turns: 2541, Time: 00:05:36

Health: -8/46      AC:  8    Str: 25    XL:     5   Next: 54%
Magic:  5/5        EV: 10    Int:  8    God:
Gold:   187        SH: 10    Dex: 10    Spells: 4/4 levels left

rFire    . . .     SeeInvis .   a - +0 war axe
rCold    . . .     Gourm    .   c - +0 shield
rNeg     . . .     Faith    .   b - +0 scale mail
rPois    .         Spirit   .   o - +0 helmet (curse)
rElec    .         Reflect  .   (no cloak)
rCorr    .         Harm     .   (no gloves)
MR       .....                  (no boots)
Stlth    ..........             (no amulet)
HPRegen  0.15/turn              p - +3 ring of evasion
MPRegen  0.09/turn              (no ring)

@: mighty
A: no striking features
a: no special abilities


You were on level 4 of the Dungeon.
You were hungry.

You visited 1 branch of the dungeon, and saw 4 of its levels.

You collected 187 gold pieces.

Inventory:

Hand Weapons
 a - a +0 war axe (weapon)
 z - a +0 mace
Armour
 b - a +0 scale mail (worn)
 c - a +0 shield (worn)
 o - a cursed +0 helmet (worn)
Jewellery
 p - a +3 ring of evasion (left hand)
Scrolls
 e - 8 scrolls of identify {unknown}
 h - 3 scrolls of immolation {unknown}
 i - a scroll of enchant armour {unknown}
 l - 2 scrolls of enchant weapon {unknown}
 m - a scroll of magic mapping {unknown}
 r - 3 scrolls of teleportation {unknown}
 t - a scroll of remove curse {unknown}
Potions
 d - a potion of might
 g - a potion of brilliance {unknown}
 j - 4 potions of curing {unknown}
 k - a potion of cancellation {unknown}
 n - a potion of haste {unknown}
 s - a potion of heal wounds {unknown}
Comestibles
 f - 5 rations


   Skills:
 + Level 4.2 Fighting
 * Level 5.6 Axes
 + Level 4.0 Armour
 + Level 4.1 Shields


You had 4 spell levels left.
You didn't know any spells.

Dungeon Overview and Level Annotations

Branches:
Dungeon (4/15)
 Temple: D:4-7

Altars:

Annotations:
D:4 pstr's ghost, amateur NaEE


Message History

Pstr's ghost is lightly damaged.
Pstr's ghost hits you but does no damage.
You miss pstr's ghost.
Pstr's ghost is lightly damaged.
Pstr's ghost gestures at you while chanting.
The stone arrow hits you!
* * * LOW HITPOINT WARNING * * *
You hit pstr's ghost.
Pstr's ghost is lightly damaged.
Pstr's ghost gestures at you while chanting.
The blast of sand hits you! Pstr's ghost hits you.
* * * LOW HITPOINT WARNING * * *
You hit pstr's ghost.
Pstr's ghost is lightly damaged.
Pstr's ghost barely misses you.
You miss pstr's ghost.
Pstr's ghost is lightly damaged.
Pstr's ghost casts a spell at you. The stone arrow hits you!
You die...

.....# ..... .... ...
#.. #..## #.
##...######..
#..W@.......#
###....#...#...#
....#..#...#.(.#
#..##...#..##..# #
#..#........#..# ##.
#......#.....†.# ..
.#..#
#....###.####..####....
.....## #..## #.#
##........#
.......##.## ##.##
###.###..#


You could see pstr's ghost.

Vanquished Creatures
  Robin (D:3)
  A gnoll (D:1)
  8 adders
  2 dart slugs
  3 leopard geckos
  2 orcs (D:3)
  4 bats
  3 giant cockroaches (D:1)
  9 goblins
  13 hobgoblins
  9 jackals
  A quokka (D:2)
  A frilled lizard (D:1)
  9 kobolds
  2 rats
68 creatures vanquished.

Notes
Turn   | Place    | Note
-------+----------+-------------------------------------------
     0 | D:1      | AdmiralAndromeda the Hill Orc Fighter began the quest for the Orb.
     0 | D:1      | Reached XP level 1. HP: 19/19 MP: 1/1
   157 | D:1      | Reached XP level 2. HP: 25/27 MP: 2/2
   251 | D:1      | Reached skill level 3 in Axes
   501 | D:1      | Reached XP level 3. HP: 31/33 MP: 3/3
  1062 | D:2      | Reached skill level 4 in Axes
  1062 | D:2      | Reached XP level 4. HP: 35/40 MP: 4/4
  1982 | D:3      | Noticed Robin
  1987 | D:3      | Reached skill level 5 in Axes
  1987 | D:3      | Reached XP level 5. HP: 38/46 MP: 5/5
  1998 | D:3      | Killed Robin
  2525 | D:4      | Noticed pstr's ghost (amateur NaEE)
  2541 | D:4      | Killed from afar by pstr's ghost

Skill      XL: |  1  2  3  4  5 |
---------------+----------------+-----
Axes           | 3 4 5 |  5.6
Fighting       | 4 |  4.2
Shields        | 4 |  4.1
Armour         | 4 |  4.0

Action                   |  1- 3 |  4- 6 || total
-------------------------+-------+-------++-------
Melee: War axe           |    91 |   118 ||   209
  Use: Potion            |       |     1 ||     1
  Eat: Chunk             |       |     5 ||     5
Armor: Scale mail        |    43 |    61 ||   104
Dodge: Dodged            |    27 |    60 ||    87
Block: Shield            |    46 |    62 ||   108
